 Dungeon Crawl Stone Soup version 0.22.1-2-g9c5b331 (webtiles) character file.

53 orangequarter the Skirmisher (level 3, 0/29 HPs)
             Began as a Demonspawn Berserker on Jan 6, 2019.
             Was a Believer of Trog.
             Succumbed to an adder's poison
             ... on level 2 of the Dungeon.
             The game lasted 00:05:34 (1791 turns).

orangequarter the Skirmisher (Demonspawn Berserker) Turns: 1791, Time: 00:05:34

Health: 0/29       AC:  3    Str: 23    XL:     3   Next: 62%
Magic:  3/3        EV: 12    Int: 13    God:    Trog [**....]
Gold:   70         SH:  0    Dex: 12    Spells: 2/2 levels left

rFire    + . .     SeeInvis .   a - +0 short sword
rCold    + . .     Gourm    +   (no shield)
rNeg     . . .     Faith    .   h - +0 leather armour
rPois    +         Spirit   .   (no helmet)
rElec    +         Reflect  .   (no cloak)
rCorr    +         Harm     .   (no gloves)
MR       .....                  (no boots)
Stlth    +.........             m - amulet of the gourmand
HPRegen  0.09/turn              (no ring)
MPRegen  0.08/turn              (no ring)

@: mighty, brilliant, lethally poisoned (0 -> -4), resistant
A: powered by pain 2
a: Berserk, Trog's Hand, Renounce Religion


You were on level 2 of the Dungeon.
You worshipped Trog.
Trog was pleased with you.
You were not hungry.

You visited 1 branch of the dungeon, and saw 2 of its levels.

You collected 70 gold pieces.

Inventory:

Hand Weapons
 a - a +0 short sword (weapon)
Armour
 h - a +0 leather armour (worn)
Jewellery
 m - an amulet of the gourmand (around neck)
Scrolls
 b - a scroll of teleportation {unknown}
 e - a scroll of fear {unknown}
 f - a scroll of random uselessness {unknown}
 g - a scroll of magic mapping {unknown}
 k - 2 scrolls of remove curse
Potions
 i - a potion of agility
 j - a potion of might


   Skills:
 + Level 3.3 Fighting
 + Level 3.3 Short Blades
 + Level 2.0 Armour
 + Level 2.4 Dodging
 + Level 0.1 Stealth


You had 2 spell levels left.
You didn't know any spells.
Your spell library was empty.

Dungeon Overview and Level Annotations

Branches:
Dungeon (2/15)

Altars:


Innate Abilities, Weirdness & Mutations

You sometimes gain power by taking damage.


Message History

* * * LOW HITPOINT WARNING * * *
You feel sick.
* * * LOW HITPOINT WARNING * * *
You feel sick.
* * * LOW HITPOINT WARNING * * *
You feel sick.
There is a lethal amount of poison in your body!
It was a potion of might.
You feel very mighty all of a sudden.
It was a potion of brilliance.
You feel clever all of a sudden.
* * * LOW HITPOINT WARNING * * *
You feel sick.
It was a potion of resistance.
You feel protected.
There is a lethal amount of poison in your body!
You eat the ration.
That ration really hit the spot!
* * * LOW HITPOINT WARNING * * *
You feel sick.
You die...

###############
#..# #....# ##.##
## #....# #..# .#
#....# ##.# .#
#....# #.# .#
#....######'##+##
.#
#.....[.........#
.#
#...............#
w#
#.....@.........#
##
#...............#
#
#...............#
##
#.###...........#
.#### #†#
#...........#
....#######w#
#...........#
.....##.....#
#.........>.#
...####.#####
#...........#
.######.#
#(..........#


There were no monsters in sight!

Vanquished Creatures
  2 adders (D:2)
  A dart slug (D:1)
  A leopard gecko (D:1)
  7 goblins
  3 hobgoblins (D:1)
  2 jackals (D:1)
  2 kobolds (D:2)
  A quokka (D:2)
  A ball python (D:2)
  7 bats
  A frilled lizard (D:1)
  3 rats
31 creatures vanquished.

Notes
Turn   | Place    | Note
-------+----------+-------------------------------------------
     0 | D:1      | orangequarter the Demonspawn Berserker began the quest for
                  | the Orb.
     0 | D:1      | Reached XP level 1. HP: 18/18 MP: 1/1
   201 | D:1      | Gained mutation: You sometimes gain a little power by
                  | taking damage. [demonic ancestry]
   201 | D:1      | Reached XP level 2. HP: 17/24 MP: 2/2
   349 | D:1      | You fall through a shaft!
  1548 | D:2      | Gained mutation: You sometimes gain power by taking damage.
                  | [demonic ancestry]
  1548 | D:2      | Reached XP level 3. HP: 14/29 MP: 3/3
  1660 | D:2      | Reached ** piety under Trog
  1789 | D:2      | HP: 1/29 [poisoned by an adder]
  1791 | D:2      | Succumbed to an adder's poison

Skill      XL: |  1  2 |
---------------+-------+-----
Short Blades   | 3 |  3.3
Dodging        | 2 |  2.4
Armour         | 2 |  2.0
Fighting       | |  3.3
Stealth        | |  0.1

Action                   || total
-------------------------++-------
Melee: Short sword       ||   119
Invok: Berserk           ||     1
  Use: Scroll            ||     2
       Potion            ||     4
 Stab: Sleeping          ||     1
  Eat: Ration            ||     2
Armor: Robe              ||     1
       Leather armour    ||    88
Dodge: Dodged            ||   184
